[Event "Early-Titled-Tuesday-Blitz-March-05-2024"]
[Site "Chess.com"]
[Date "2024.03.05"]
[Round "3"]
[White "HansOnTwitch"]
[Black "bascheyaro"]
[Result "1/2-1/2"]
[WhiteElo "3108"]
[BlackElo "2784"]
[TimeControl "180+1"]
[EndTime "8:30:55 PST"]
[Termination "Game drawn by repetition"]

1. e4 e6 2. d4 d5 3. Nc3 Bb4 4. exd5 exd5 5. Bd3 Nf6 6. a3 Bd6 7. Nf3 O-O 8. O-O Bg4 9. h3 Bh5 10. Bg5 c6 11. g4 Bg6 12. Ne5 Re8 13. Re1 Nbd7 14.
Bf4 Qc7 15. Nxd7 Qxd7 16. Be5 Ne4 17. Bxe4 Bxe4 18. Nxe4 dxe4 19. Rxe4 f6 20. Re3 Rad8 21. Bxd6 Rxe3 22. fxe3 Qxd6 23. Qf3 c5 24. c3 cxd4 25.
cxd4 Qc7 26. Rf1 b6 27. h4 h6 28. Rf2 Re8 29. Kg2 Kh8 30. g5 fxg5 31. hxg5 Qe7 32. gxh6 gxh6 33. Kf1 Qxe3 34. Qf6+ Kh7 35. Qf5+ Kh8 36. Qf6+ Kh7 37. Qf7+ Kh8 38. Qf6+ 1/2-1/2

[Event "Early-Titled-Tuesday-Blitz-March-05-2024"]
[Site "Chess.com"]
[Date "2024.03.05"]
[Round "3"]
[White "crosky"]
[Black "Kobalia"]
[Result "0-1"]
[WhiteElo "2284"]
[BlackElo "2796"]
[TimeControl "180+1"]
[EndTime "8:30:55 PST"]
[Termination "Kobalia won by resignation"]

1. d4 d5 2. c4 c6 3. Nc3 Nf6 4. Nf3 a6 5. a4 e6 6. g3 Nbd7 7. Bg2 Bd6 8. O-O O-O 9. Nd2 Bb4 10. Qc2 Nb6 11. b3 dxc4 12. a5 cxb3 13. Nxb3 Nbd5 14. Na2 Bxa5 15. e4 Nb4 16. Qe2 Nxa2 17. Rxa2 Bb6 18. Bg5 h6 19. Be3 Re8 20. Nc5 e5 21.
dxe5 Rxe5 22. Rd2 Qe7 23. Nd3 Bg4 24. Qe1 Bxe3 25. Qxe3 Rb5 26. h3 Be6 27. f4 Rd8 28. e5 Nd5 29. Qf2 Nb4 30. Ne1 Rxd2 31. Qxd2 Bd5 32.
Nf3 Qc5+ 33. Kh2 Qc2 34. Qe3 Qd3 35. Qe1 Nc2 36. Qf2 Ne3 37. Re1 Nxg2 38. Kxg2 0-1

[Event "Early-Titled-Tuesday-Blitz-March-05-2024"]
[Site "Chess.com"]
[Date "2024.03.05"]
[Round "3"]
[White "Keeper0416"]
[Black "yonaltimur"]
[Result "1-0"]
[WhiteElo "2576"]
[BlackElo "2357"]
[TimeControl "180+1"]
[EndTime "8:30:57 PST"]
[Termination "Keeper0416 won on time"]

1. e4 c5 2. Nc3 Nc6 3. Nge2 e6 4.
g3 g6 5. Bg2 Bg7 6. O-O Nge7 7.
d4 cxd4 8. Nb5 O-O 9. Nexd4 Nxd4 10. Nxd4 d5 11. exd5 Nxd5 12. c3 Ne7 13. Nb5 Qb6 14. a4 Rd8 15. Qe2 Nd5 16. Bg5 f6 17. Bxd5 Rxd5 18.
Be3 Qc6 19. Nxa7 Qe8 20. Nb5 Qf7 21. c4 Rd8 22. Bc5 e5 23. b3 Bd7 24. Nd6 Qe6 25. Nb5 Bxb5 26. axb5 Rac8 27. Bb4 f5 28.
Ra7 Qb6 29. Ra2 e4 30. Ba5 Qc5 31. Bxd8 Rxd8 32. Rd1 Rxd1+ 33. Qxd1 h6 34. Rd2 Kh7 35. Rd5 Qb6 36. Rd7 e3 37. Qe2 exf2+ 38. Qxf2 Qf6 39. Rxb7 Qa1+ 40. Kg2 Qa8 41. Qf3 Qa2+ 42. Kh3 Qc2 43. Rf7 1-0

[Event "Early-Titled-Tuesday-Blitz-March-05-2024"]
[Site "Chess.com"]
[Date "2024.03.05"]
[Round "3"]
[White "BeyondMadness"]
[Black "SilverSwords13"]
[Result "1-0"]
[WhiteElo "2241"]
[BlackElo "2468"]
[TimeControl "180+1"]
[EndTime "8:30:57 PST"]
[Termination "BeyondMadness won by checkmate"]

1. e4 c5 2. Nf3 e6 3. d4 cxd4 4. Nxd4 Nc6 5. Nxc6 bxc6 6. Bd3 Nf6 7. O-O d5 8. Qf3 Bd6 9. Nc3 O-O 10. Re1 Qc7 11. h3 Be5 12. Bg5 Rb8 13. Rab1 Rxb2 14. Rxb2 Bxc3 15. Rbb1 Bxe1 16. Bxf6 gxf6 17. Rxe1 Qe5 18.
Kf1 d4 19. Qg4+ Kh8 20. f4 Qa5 21. Qh4 Qd8 22. f5 e5 23. Rb1 Rg8 24. g4 Qe7 25.
Rb8 Bd7 26. Rb7 a5 27. Ke2 c5 28. Kd2 Qd6 29. Bc4 Qc6 30. Rb1 Qd6 31. Bd5 a4 32. a3 Qa6 33. Rb7 Bc6 34. Qxf6+ Rg7 35. Rb8+ Be8 36. Rxe8# 1-0

[Event "Early-Titled-Tuesday-Blitz-March-05-2024"]
[Site "Chess.com"]
[Date "2024.03.05"]
[Round "3"]
[White "Iball95"]
[Black "stolencandy13"]
[Result "1-0"]
[WhiteElo "2907"]
[BlackElo "2668"]
[TimeControl "180+1"]
[EndTime "8:30:58 PST"]
[Termination "Iball95 won by resignation"]

1. e4 c6 2. d4 d5 3. exd5 cxd5 4. c4 Nf6 5. Nc3 e6 6. c5 Be7 7. Bb5+ Bd7 8. Bxd7+ Nbxd7 9. Bf4 O-O 10. Nge2 Nh5 11. Be3 Rc8 12. O-O f5 13. Nf4 Nxf4 14. Bxf4 Bf6 15.
Re1 Re8 16. Nb5 g5 17. Bd2 a6 18. Nd6 Bxd4 19. Nxc8 Qxc8 20. Bxg5 Qxc5 21. Be3 Bxe3 22. Rxe3 Nf6 23. Rc1 Qd6 24. Rg3+ Kf7 25. Qb3 b5 26. a4 Qf4 27. Ra1 Rc8 28. Rc3 Rxc3 29. Qxc3 bxa4 30. g3 Qd6 31. Rxa4 Ne4 32. Qh8 Qb6 33. Qxh7+ Kf6 34.
Qh6+ Kf7 35. Qh5+ Kf6 36. Qe2 a5 37. Kg2 Qc5 38. Qe3 Qb5 39. Ra2 a4 40. Qa3 Nd2 41. Qc3+ e5 42. Qxd2 Qc4 43. Ra3 e4 44. Qc3+ 1-0

[Event "Early-Titled-Tuesday-Blitz-March-05-2024"]
[Site "Chess.com"]
[Date "2024.03.05"]
[Round "3"]
[White "RandomNoob04"]
[Black "the_blue_pill"]
[Result "1-0"]
[WhiteElo "2574"]
[BlackElo "2351"]
[TimeControl "180+1"]
[EndTime "8:30:58 PST"]
[Termination "RandomNoob04 won by resignation"]

1. e4 c5 2. d4 cxd4 3. c3 Nf6 4.
e5 Nd5 5. Nf3 Nc6 6. Bc4 Nb6 7.
Bb3 d6 8. exd6 e6 9. cxd4 Bxd6 10. Nc3 O-O 11. Bc2 Nd5 12. O-O Ncb4 13. Bb1 Nf6 14. Bg5 Be7 15. a3 Nbd5 16. Qd3 g6 17. Ne5 Bd7 18. Ba2 Bc6 19. Nxc6 bxc6 20. Rfe1 Rb8 21. Re2 Nh5 22. Bh6 Nhf4 23. Qf3 Nxe2+ 24. Nxe2 Rxb2 25.
Bxf8 Bxf8 26. Bc4 Qb6 27. Qd3 Bh6 28. g3 Rd2 29. Qe4 Bg7 30. Rb1 Rb2 31. Rc1 h6 32. h4 Qa5 33. h5 Nf6 34. Qxc6 Qxh5 35. Nf4 Qa5 36. d5 exd5 37. Nxd5 Nxd5 38. Bxd5 Qd2 39. Rf1 Rb8 40. Qd7 Rf8 41. Bxf7+ Rxf7 42. Qxd2 1-0

[Event "Early-Titled-Tuesday-Blitz-March-05-2024"]
[Site "Chess.com"]
[Date "2024.03.05"]
[Round "3"]
[White "corvachesky"]
[Black "NikitaShnadrygin"]
[Result "0-1"]
[WhiteElo "2429"]
[BlackElo "2614"]
[TimeControl "180+1"]
[EndTime "8:30:59 PST"]
[Termination "NikitaShnadrygin won by resignation"]

1. d4 d5 2. Nf3 Nc6 3. g3 Bf5 4. Bg2 Qd7 5. c4 e6 6. Nc3 O-O-O 7. Qa4 f6 8. c5 Kb8 9. b4 e5 10. e3 exd4 11. exd4 Re8+ 12. Be3 Nh6 13. b5 Nd8 14. c6 Qc8 15. Nxd5 Be4 16. Nc3 Nf5 17. Nxe4 Rxe4 18. Bh3 g5 19. cxb7 Qxb7 20. O-O g4 21. Bg2 gxf3 22.
Bxf3 Nxe3 23. fxe3 f5 24. Qc2 Bd6 25. Bxe4 Qxe4 26.
Qxe4 fxe4 27. a4 Ne6 28. h4 Rg8 29. Rf6 Rxg3+ 30. Kf2 Ng7 31. Rg1 Nh5 32. Rh6 Rf3+ 33. Ke2 Ng3+ 34. Kd1 Rxe3 35. Rxh7 Rd3+ 36. Kc2 Rxd4 37.
h5 e3 38. h6 e2 39. Rh8+ Kb7 40. Re8 Rh4 41. Re3 Rxh6 42. Kd3 Rf6 43. a5 Rf1 44. Rxe2 Rxg1 0-1

[Event "Early-Titled-Tuesday-Blitz-March-05-2024"]
[Site "Chess.com"]
[Date "2024.03.05"]
[Round "3"]
[White "Mops_2004"]
[Black "Kolle05"]
[Result "1-0"]
[WhiteElo "2852"]
[BlackElo "2583"]
[TimeControl "180+1"]
[EndTime "8:31:02 PST"]
[Termination "Mops_2004 won by resignation"]

1. g3 Nf6 2. Bg2 g6 3. d4 Bg7 4. e4 O-O 5. Nc3 d6 6. Nf3 c5 7. h3 cxd4 8. Nxd4 Nc6 9. Be3 Bd7 10. a4 a6 11. Nde2 Rc8 12. O-O Ne5 13. b3 Nc6 14. Qd2 Qa5 15. g4 Qb4 16. Rad1 b5 17. axb5 axb5 18.
g5 Nh5 19. Nd5 Qxd2 20. Rxd2 Rfd8 21. c3 Be6 22. f4 b4 23. c4 Ra8 24. Rb1 Ra3 25. e5 Na5 26. Nxe7+ Kf8 27. Nc6 Nxc6 28. Bxc6 Bxc4 29. Nd4 dxe5 30. Ne6+ Bxe6 31. Rxd8+ Ke7 32.
Rbd1 f5 33. Bc5+ Kf7 34. Be8+ Kg8 35. Bxg6+ 1-0

[Event "Early-Titled-Tuesday-Blitz-March-05-2024"]
[Site "Chess.com"]
[Date "2024.03.05"]
[Round "3"]
[White "Pedrada88"]
[Black "Hurghada"]
[Result "0-1"]
[WhiteElo "2565"]
[BlackElo "2396"]
[TimeControl "180+1"]
[EndTime "8:31:02 PST"]
[Termination "Hurghada won by resignation"]

1. e4 e6 2. d4 d5 3. Bd3 dxe4 4. Bxe4 Nf6 5. Bf3 g6 6. c4 Bg7 7. Nc3 O-O 8. Nge2 Nbd7 9. Bf4 c6 10. h4 h5 11. Qc2 Qe7 12. O-O-O e5 13. Bg5 Re8 14. g4 hxg4 15. Bxg4 exd4 16. Nxd4 Ne5 17. Bxc8 Raxc8 18. h5 Qc5 19. Bxf6 Bxf6 20. Ne4 Qe7 21. hxg6 Nxg6 22.
Nxf6+ Qxf6 23. Nf5 Re5 24. Nh6+ Kg7 25. Kb1 Qf4 26.
Rd7 Rf8 27. Rxb7 Qf3 28. Qc1 Re2 29. Rb3 Qe4+ 30. Ka1 Rxf2 31. Rg3 Qf4 32. Qc3+ f6 33. Ng4 Rf1+ 34. Qe1 Rxe1+ 35. Rxe1 Qxg3 36. Rd1 Qf3 0-1

[Event "Early-Titled-Tuesday-Blitz-March-05-2024"]
[Site "Chess.com"]
[Date "2024.03.05"]
[Round "3"]
[White "RamonManon0g"]
[Black "Szachulec75"]
[Result "1-0"]
[WhiteElo "2422"]
[BlackElo "2205"]
[TimeControl "180+1"]
[EndTime "8:31:02 PST"]
[Termination "RamonManon0g won by resignation"]

1. e4 d6 2. d4 Nf6 3. Nc3 c6 4. Be3 Nbd7 5. Qd2 e5 6. h3 Be7 7.
Nf3 O-O 8. O-O-O b5 9. dxe5 dxe5 10. g4 a5 11. g5 Nh5 12. Nh4 Nf4 13. Nf5 Bxg5 14.
Rg1 Kh8 15. h4 Bf6 16. Bxf4 exf4 17. Qxf4 b4 18. Na4 Qe8 19. Bc4 Ne5 20. Nd6 Qe7 21.
Nxc8 Raxc8 22. Bb3 c5 23. Bd5 c4 24. Kb1 Bxh4 25.
Rh1 Ng6 26. Qg4 h6 27. f4 Bf2 28. Nb6 Bxb6 29. e5 f5 30. Qxg6 b3 31. Qxb6 bxc2+ 32.
Kxc2 c3 33. bxc3 Qa3 34. Rxh6+ 1-0

[Event "Early-Titled-Tuesday-Blitz-March-05-2024"]
[Site "Chess.com"]
[Date "2024.03.05"]
[Round "3"]
[White "AccioChess"]
[Black "RogelioOscarSanchezB"]
[Result "1-0"]
[WhiteElo "2354"]
[BlackElo "2021"]
[TimeControl "180+1"]
[EndTime "8:31:02 PST"]
[Termination "AccioChess won on time"]

1. e4 e5 2. Nf3 Nc6 3. Bb5 Nf6 4. O-O Nxe4 5. d4 Nd6 6. Bxc6 dxc6 7. dxe5 Nf5 8.
Qxd8+ Kxd8 9. Rd1+ Ke8 10. Nc3 Be7 11. h3 h6 12. Bf4 g5 13. Bh2 Be6 14. g4 Ng7 15.
Nd4 h5 16. f3 hxg4 17. hxg4 Bc5 18. Kg2 Bd5 19. Nxd5 cxd5 20. Nb5 c6 21. Nc7+ Ke7 22.
Nxa8 Rxa8 23. f4 gxf4 24. Bxf4 Ne6 25. Bg3 Rg8 26. Bh4+ Ke8 27. Kg3 Bd4 28. Bf6 a5 29. c3 Bb6 30. Rh1 Rg6 31. Rh8+ Kd7 32. Rh7 Ke8 33.
Rah1 Bc7 34. Kf2 Rxg4 35. Rh8+ Kd7 36. R1h7 Rf4+ 37. Kg2 1-0

[Event "Early-Titled-Tuesday-Blitz-March-05-2024"]
[Site "Chess.com"]
[Date "2024.03.05"]
[Round "3"]
[White "kleopl"]
[Black "Anton_Demchenko"]
[Result "0-1"]
[WhiteElo "2521"]
[BlackElo "2900"]
[TimeControl "180+1"]
[EndTime "8:31:04 PST"]
[Termination "Anton_Demchenko won by resignation"]

1. e4 e5 2. Nf3 Nc6 3. d4 exd4 4. Nxd4 Nf6 5. Nxc6 bxc6 6. e5 Nd5 7. c4 Nb6 8. Nc3 Qe7 9. Qd4 d6 10. Bf4 f6 11. e6 c5 12. Qe4 Qxe6 13. Qxe6+ Bxe6 14. b3 O-O-O 15. O-O-O g5 16. Be3 Bg7 17. Kc2 f5 18.
Bxg5 Rdg8 19. Bf4 Nd7 20. g3 Be5 21. Bxe5 Nxe5 22. Be2 f4 23. Rhe1 Rf8 24. Rd2 h5 25. Bd3 Nf3 26. Rxe6 Nd4+ 27. Kb2 Nxe6 28. Nd5 Kd7 29. Re2 Rh6 30. Kc3 c6 31. Nxf4 Nxf4 32. gxf4 Rxf4 33. Kd2 Rhf6 34. Ke1 Re6 35. Rxe6 Kxe6 36.
Ke2 Ke5 37. Kf1 d5 38. Be2 h4 39. Kg2 a5 40. Bf1 Ke4 41. Be2 Kd4 42. Bf3 dxc4 43. bxc4 Kxc4 44. Bxc6 Kd4 0-1

[Event "Early-Titled-Tuesday-Blitz-March-05-2024"]
[Site "Chess.com"]
[Date "2024.03.05"]
[Round "3"]
[White "jk13"]
[Black "Jumbo"]
[Result "0-1"]
[WhiteElo "2682"]
[BlackElo "2931"]
[TimeControl "180+1"]
[EndTime "8:31:05 PST"]
[Termination "Jumbo won by resignation"]

1. e4 c5 2. c3 Nf6 3. e5 Nd5 4. Bc4 Nb6 5. Bb3 d5 6. exd6 Qxd6 7. Nf3 Be6 8. O-O Bxb3 9. axb3 Nc6 10. Na3 Qd3 11.
Re1 e6 12. Re3 Qd7 13. Nc4 Rd8 14. Nxb6 axb6 15. Ra4 Be7 16. d3 b5 17. Rg4 g6 18. Rge4 Bf6 19. h4 h6 20. Ne1 Ne7 21.
Rf3 Bg7 22. Be3 Qc6 23. Qe2 O-O 24. Bf4 Rd5 25. Be5 Qd7 26. Bxg7 Kxg7 27. g3 Nc6 28. Nc2 Rd8 29. Kg2 Rxd3 30. Ne3 Rd2 31. Qxb5 f5 32.
Ra4 Ne5 33. Qxd7+ R8xd7 34. Rff4 Nd3 35. Rf3 Ne1+ 0-1

[Event "Early-Titled-Tuesday-Blitz-March-05-2024"]
[Site "Chess.com"]
[Date "2024.03.05"]
[Round "3"]
[White "Byniolus"]
[Black "JonSnowNW1"]
[Result "1-0"]
[WhiteElo "2820"]
[BlackElo "2542"]
[TimeControl "180+1"]
[EndTime "8:31:05 PST"]
[Termination "Byniolus won by checkmate"]

1. d4 d5 2. Nf3 Nf6 3. Bf4 c5 4. c3 e6 5. Nbd2 Nc6 6. e3 Bd6 7. Bg3 O-O 8. Bd3 Re8 9. Ne5 cxd4 10. exd4 Qc7 11. f4 Ne7 12. Bf2 Nd7 13. Bxh7+ Kf8 14. Bd3 Nf6 15. O-O g6 16. g4 Kg7 17. Bg3 Rh8 18. Qe2 Bd7 19. Rae1 Rh3 20. Ndf3 Be8 21. Ng5 Rh8 22. f5 exf5 23. gxf5 Rh5 24. h4 gxf5 25.
Bxf5 Qb6 26. Bb1 Bb5 27. Bd3 Bxd3 28. Qxd3 Qxb2 29. Rxf6 Kxf6 30. Qf3+ Nf5 31. Qxh5 Nxg3 32. Qxf7# 1-0

[Event "Early-Titled-Tuesday-Blitz-March-05-2024"]
[Site "Chess.com"]
[Date "2024.03.05"]
[Round "3"]
[White "Josetricks"]
[Black "K_A_S_T_O_R"]
[Result "1/2-1/2"]
[WhiteElo "2537"]
[BlackElo "2788"]
[TimeControl "180+1"]
[EndTime "8:31:05 PST"]
[Termination "Game drawn by agreement"]

1. c4 c5 2. Nf3 Nf6 3. Nc3 e6 4. e4 Nc6 5. Bd3 a6 6. O-O Qc7 7. Bc2 Ng4 8. h3 Nge5 9. Nxe5 Nxe5 10. b3 Nc6 11. Ne2 Be7 12. Bb2 O-O 13. d4 cxd4 14.
Nxd4 d6 15. Re1 Bd7 16. Qh5 g6 17. Qh6 Nxd4 18. Bxd4 e5 19. Be3 Bf6 20. Rad1 Be6 21. Bg5 Bxg5 22. Qxg5 f6 23. Qd2 Rfd8 24. a3 a5 25. a4 Qc5 26. Re3 Ra6 27. Rf3 Kg7 28.
Bd3 Rb6 29. Be2 Bd7 30. h4 Be6 31. h5 g5 32. h6+ Kg6 33. Qc2 Qc7 34. Qc3 Rc6 35. Rd2 Rc5 36. Rd1 Qe7 37. Kf1 Kxh6 38. Qd2 Kg7 39. Rd3 Kf8 40. Rxd6 Rxd6 41. Qxd6 Qxd6 42.
Rxd6 Rc6 43. Rd8+ Kg7 44. Re8 Rb6 1/2-1/2

[Event "Early-Titled-Tuesday-Blitz-March-05-2024"]
[Site "Chess.com"]
[Date "2024.03.05"]
[Round "3"]
[White "Firouzja2003"]
[Black "ChessQueen"]
[Result "1-0"]
[WhiteElo "3220"]
[BlackElo "2777"]
[TimeControl "180+1"]
[EndTime "8:31:06 PST"]
[Termination "Firouzja2003 won by resignation"]

1. e4 c6 2. d3 d5 3. Nd2 e5 4.
Ngf3 Bd6 5. g3 Nf6 6. Bg2 O-O 7.
O-O Re8 8. Re1 Nbd7 9. h3 Nf8 10. b3 h6 11. Bb2 Ng6 12. a3 Bd7 13. exd5 cxd5 14.
c4 d4 15. b4 Qc8 16. Kh2 a5 17. c5 Bc7 18. Qb3 a4 19. Qc2 Bf5 20. Nc4 Qd7 21. Nfd2 Nd5 22. Ne4 Bxe4 23. Bxe4 f5 24. Bg2 Kh7 25.
Qd1 Ra7 26. Rc1 Re6 27. Qf3 Nde7 28. Qh5 Rf6 29. Rc2 Nd5 30. Bc1 Nc3 31. Bb2 e4 32.
dxe4 fxe4 33. Bxc3 dxc3 34. Bxe4 Qd4 35. Qe2 Ra8 36.
Rd1 Rxf2+ 37. Qxf2 Qxe4 38. Rxc3 Rf8 39. Qg2 Qf5 40. Nd6 Bxd6 41. cxd6 Ne5 42. Re3 Qg5 43. Qe4+ Ng6 44. Re2 1-0

[Event "Early-Titled-Tuesday-Blitz-March-05-2024"]
[Site "Chess.com"]
[Date "2024.03.05"]
[Round "3"]
[White "dosto07"]
[Black "Shivananda1964"]
[Result "1-0"]
[WhiteElo "2560"]
[BlackElo "2334"]
[TimeControl "180+1"]
[EndTime "8:31:06 PST"]
[Termination "dosto07 won by resignation"]

1. e4 Nc6 2. Nf3 e5 3. Bb5 a6 4. Ba4 Nf6 5. O-O Be7 6. Re1 d6 7. Bxc6+ bxc6 8. d4 exd4 9. Nxd4 Bd7 10. Qf3 O-O 11.
e5 dxe5 12. Nxc6 Bxc6 13. Qxc6 Qd6 14. Qc4 e4 15. Nc3 Ng4 16. g3 Ne5 17. Qxe4 Bf6 18. Bf4 Rae8 19. Nd5 Qc5 20. Nxf6+ gxf6 21. Bxe5 fxe5 22.
Rad1 Re6 23. Rd5 Qb6 24. Rxe5 Rf6 25. Rg5+ Kh8 26. Rh5 Qxf2+ 27. Kh1 Rg6 28. Qe2 Qxe2 29. Rxe2 Rd8 30. Kg2 Kg7 31. Rhe5 Rdd6 32. Re7 Rc6 33. Rf2 Rgf6 34. Rxf6 Kxf6 35. Re2 a5 36. Kf3 a4 37. Kg4 Rb6 38. b3 a3 39. Kh5 Rc6 40.
Kh6 Kf5+ 41. Kxh7 Kg4 42. Rf2 f5 43. Kg7 Rd6 44. Rf4+ Kh3 45. Rxf5 Rd2 46. Rc5 Rd1 47.
Ra5 Rc1 48. c4 Rc2 49. Rxa3 1-0

[Event "Early-Titled-Tuesday-Blitz-March-05-2024"]
[Site "Chess.com"]
[Date "2024.03.05"]
[Round "3"]
[White "Gryffindorac8"]
[Black "TheMagician"]
[Result "0-1"]
[WhiteElo "2384"]
[BlackElo "2186"]
[TimeControl "180+1"]
[EndTime "8:31:06 PST"]
[Termination "TheMagician won by resignation"]

1. d4 Nf6 2. c4 e6 3. Nf3 Bb4+ 4. Bd2 Qe7 5. g3 a5 6. Bg2 Ne4 7. O-O Nxd2 8. Nbxd2 Bxd2 9. Qxd2 O-O 10. e4 d6 11. e5 Rd8 12. Qc2 dxe5 13. dxe5 Nc6 14. Rad1 Bd7 15. h4 h6 16. a3 Qc5 17. Qe4 Be8 18. Rfe1 a4 19. Bf1 Rxd1 20. Rxd1 Ra5 21. Bd3 g6 22. h5 Nxe5 23. hxg6 fxg6 24. Nxe5 Qxe5 25. Qxb7 h5 26. Bf1 h4 27. Rd8 Kf7 28.
Qf3+ Ke7 29. Rd2 hxg3 30. fxg3 Qc5+ 31. Rf2 Kd8 32. Qf6+ Qe7 33. Rd2+ Bd7 34. Qh8+ Qe8 35. Qf6+ Kc8 36. Bg2 Rf5 37. Qd4 Qe7 38. Qa7 Qc5+ 39. Qxc5 Rxc5 40. Rd4 e5 41. Rg4 Bxg4 0-1

[Event "Early-Titled-Tuesday-Blitz-March-05-2024"]
[Site "Chess.com"]
[Date "2024.03.05"]
[Round "3"]
[White "Sjakkerntobi"]
[Black "averageFM"]
[Result "1-0"]
[WhiteElo "2475"]
[BlackElo "2616"]
[TimeControl "180+1"]
[EndTime "8:31:07 PST"]
[Termination "Sjakkerntobi won by resignation"]

1. e4 c5 2. Nf3 e6 3. d4 cxd4 4. Nxd4 Nc6 5. Nc3 Qc7 6. Be3 a6 7. Qf3 Nf6 8. O-O-O Ne5 9. Qg3 b5 10. a3 Bb7 11. Bxb5 Rc8 12. Ba4 Bxa3 13. Qxg7 Bxb2+ 14. Kb1 Ke7 15. Bg5 Ng4 16. Nf5+ exf5 17. e5 Bxc3 18. exf6+ Nxf6 19. Rhe1+ Be4 20. Rxd7+ Qxd7 21. Bxd7 Rb8+ 22. Kc1 Rhg8 23. Qh6 Rgd8 24. Bxf5 Bb2+ 25.
Kb1 Bc3+ 26. Ka2 Rd5 27. Rxe4+ Kd6 28. Bf4+ Kc5 29. Bxb8 1-0

[Event "Early-Titled-Tuesday-Blitz-March-05-2024"]
[Site "Chess.com"]
[Date "2024.03.05"]
[Round "3"]
[White "rhungaski"]
[Black "JoliyRoger"]
[Result "1-0"]
[WhiteElo "2595"]
[BlackElo "2425"]
[TimeControl "180+1"]
[EndTime "8:31:08 PST"]
[Termination "rhungaski won on time"]

1. e4 c6 2. d4 d5 3. e5 Bf5 4. g4 Bd7 5. Nc3 e6 6. Be3 Qb6 7. a3 c5 8. Nge2 Nc6 9. f4 h5 10. gxh5 Nh6 11. dxc5 Bxc5 12. Na4 Qa5+ 13. b4 Qxa4 14.
Bxc5 Ne7 15. Nc3 Qc6 16. Bb5 Qc8 17. Bd3 b6 18. Nb5 Nef5 19. Nd6+ Nxd6 20. Bxd6 Qc3+ 21. Ke2 Qd4 22. Qd2 Ng4 23. Kf3 Nh6 24. Rhg1 Nf5 25.
c3 Qxg1 26. Rxg1 Rxh5 27. Bxf5 Rxf5 28. Rxg7 O-O-O 29. Qg2 d4 30. Ke2 1-0

[Event "Early-Titled-Tuesday-Blitz-March-05-2024"]
[Site "Chess.com"]
[Date "2024.03.05"]
[Round "3"]
[White "ninguno46"]
[Black "topce"]
[Result "1-0"]
[WhiteElo "2531"]
[BlackElo "2371"]
[TimeControl "180+1"]
[EndTime "8:31:09 PST"]
[Termination "ninguno46 won on time"]

1. e4 e6 2. d4 d5 3. Nc3 Nf6 4. Bg5 dxe4 5. Nxe4 Be7 6. Bxf6 Bxf6 7. Nf3 Bd7 8. Bd3 Bc6 9. c3 Bxe4 10. Bxe4 c6 11. O-O Nd7 12. Qe2 O-O 13. Rad1 Qa5 14. Bb1 Rfd8 15. Nd2 Nf8 16. Ne4 Be7 17. Rd3 Qa6 18. Qd2 Rd7 19. Rg3 Ng6 20. Ng5 c5 21. Rh3 Rad8 22. Nxh7 cxd4 23. c4 d3 24. b3 Qd6 25. g3 Qb4 26. Qd1 Qc5 27. Rh5 Qd4 28. Ng5 Bxg5 29. Rxg5 Ne5 30. Re1 f6 31. Rh5 1-0

[Event "Early-Titled-Tuesday-Blitz-March-05-2024"]
[Site "Chess.com"]
[Date "2024.03.05"]
[Round "3"]
[White "JoachimBN"]
[Black "Chessmissile07"]
[Result "0-1"]
[WhiteElo "2667"]
[BlackElo "2906"]
[TimeControl "180+1"]
[EndTime "8:31:10 PST"]
[Termination "Chessmissile07 won by resignation"]

1. d4 a6 2. e4 d6 3. Nf3 Nf6 4. Bd3 Nc6 5. O-O Bg4 6. c3 e5 7.
Be3 Be7 8. h3 Bh5 9. Nbd2 O-O 10. Re1 Re8 11. d5 Nb8 12. c4 a5 13. c5 dxc5 14.
g4 Bg6 15. Nxe5 c6 16. Nxg6 hxg6 17. Qb3 cxd5 18. Qxb7 Nbd7 19. exd5 Rb8 20. Qa6 Nxd5 21. Nc4 Nb4 22. Qxa5 Nxd3 23. Red1 Nxb2 24. Qxd8 Rexd8 25. Nxb2 Rxb2 26. a4 Rbb8 27. a5 Ne5 28. a6 Rxd1+ 29. Rxd1 Ra8 30. f4 Nc4 31. Rd7 Nxe3 32. Rxe7 Nd5 33.
Rb7 Rxa6 0-1

[Event "Early-Titled-Tuesday-Blitz-March-05-2024"]
[Site "Chess.com"]
[Date "2024.03.05"]
[Round "3"]
[White "RantomOpening"]
[Black "David_George21"]
[Result "0-1"]
[WhiteElo "2573"]
[BlackElo "2434"]
[TimeControl "180+1"]
[EndTime "8:31:11 PST"]
[Termination "David_George21 won by resignation"]

1. e4 c5 2. c3 Nf6 3. e5 Nd5 4. d4 d6 5. Nf3 Nc6 6. Bc4 dxe5 7. dxe5 e6 8. O-O Be7 9. Qe2 O-O 10. Rd1 a6 11. a4 Na5 12. Bd3 Qb6 13. Bg5 Bxg5 14. Bxh7+ Kxh7 15. Nxg5+ Kg6 16. Qg4 f5 17. Qh4 Qc7 18.
Qh7+ Kxg5 19. h4+ Kf4 20. Qg6 Kxe5 21. b4 Nb3 22. Ra2 Nf4 23. Qg3 Kf6 24. Kh1 Kf7 25. Nd2 Nxd2 26. Raxd2 b6 27. Qg5 Qe5 28. Rd7+ Bxd7 29.
Rxd7+ Kg8 30. h5 Rf7 31. Rd1 Raf8 32. bxc5 Rf6 33. cxb6 Rh6 34. Kg1 Rxh5 35. Qxh5 Nxh5 36. b7 Qe2 37. Rd7 Qe1+ 38. Kh2 Qxf2 0-1

[Event "Early-Titled-Tuesday-Blitz-March-05-2024"]
[Site "Chess.com"]
[Date "2024.03.05"]
[Round "3"]
[White "Titus369"]
[Black "jeetjain"]
[Result "1-0"]
[WhiteElo "2639"]
[BlackElo "2470"]
[TimeControl "180+1"]
[EndTime "8:31:12 PST"]
[Termination "Titus369 won on time"]

1. e4 g6 2. d4 Bg7 3. Nf3 c6 4. a4 d5 5. e5 Bg4 6. h3 Bxf3 7. Qxf3 e6 8. Nd2 c5 9. Bb5+ Nc6 10. Qc3 cxd4 11.
Bxc6+ bxc6 12. Qxc6+ Kf8 13. Qc5+ Ne7 14. Qxd4 Rc8 15. f4 Rxc2 16. O-O Qb6 17. Qxb6 axb6 18. a5 bxa5 19. Rxa5 Nc6 20. Rb5 Ke7 21. Rb7+ Ke8 22. Nf3 Bf8 23. Be3 Nd8 24. Rb5 Be7 25. Ra1 Rc7 26.
Ra8 Kd7 27. Rbb8 h6 28. b4 Rh7 29. Bb6 Rc1+ 30. Kh2 Rh8 31. Ra7+ Ke8 32. Nd4 g5 33.
b5 gxf4 34. Bxd8 Bxd8 35. Nc6 Kf8 36. Rxd8+ Kg7 37. Rxh8 Kxh8 38. Rxf7 1-0

[Event "Early-Titled-Tuesday-Blitz-March-05-2024"]
[Site "Chess.com"]
[Date "2024.03.05"]
[Round "3"]
[White "Dyadya81"]
[Black "KononenkoD"]
[Result "1-0"]
[WhiteElo "2870"]
[BlackElo "2617"]
[TimeControl "180+1"]
[EndTime "8:31:13 PST"]
[Termination "Dyadya81 won by resignation"]

1. e4 c6 2. d3 d5 3. Nf3 dxe4 4.
dxe4 Qxd1+ 5. Kxd1 g6 6. c3 Bh6 7. Bxh6 Nxh6 8. h4 Ng4 9. Ke1 e5 10. h5 O-O 11. Nbd2 Nd7 12. Nc4 Nc5 13. Nfd2 b5 14.
Na5 f5 15. hxg6 hxg6 16. exf5 Bxf5 17. Nxc6 Bd3 18. f3 Ne3 19. Bxd3 Nxd3+ 20. Ke2 Nc2 21.
Kxd3 Nxa1 22. Rxa1 Rfe8 23. Re1 Kg7 24. Nxe5 Rad8+ 25. Kc2 g5 26. Re4 Rd5 27. Ng4 Rxe4 28. Nxe4 Kg6 29. b4 Rd8 30. Ne3 Rh8 31. Kb3 Rh1 32. c4 Rb1+ 33. Kc3 bxc4 34. Kxc4 Re1 35.
Kd4 Rb1 36. a3 Rb3 37. Nc4 Rb1 38. g4 Rf1 39. Ned2 Rc1 40. b5 Ra1 41. Kc5 Rc1 42. a4 Rc3 43. a5 Kf6 44. b6 Ke6 45. bxa7 Kd7 46. a8=Q 1-0

[Event "Early-Titled-Tuesday-Blitz-March-05-2024"]
[Site "Chess.com"]
[Date "2024.03.05"]
[Round "3"]
[White "Miguelito"]
[Black "chess123456s"]
[Result "1-0"]
[WhiteElo "2839"]
[BlackElo "2549"]
[TimeControl "180+1"]
[EndTime "8:31:13 PST"]
[Termination "Miguelito won by resignation"]

1. e4 e5 2. Nf3 Nc6 3. Bc4 Nf6 4. d3 Bc5 5. c3 d6 6. Nbd2 h6 7. h3 a5 8. a4 O-O 9. g4 Be6 10. Bxe6 fxe6 11. Nb3 Bb6 12. g5 hxg5 13. Bxg5 Qe8 14.
Qe2 Qh5 15. Nbd2 Nh7 16. Rg1 Kh8 17. O-O-O Rf7 18. Rg3 Raf8 19. Rdg1 Ne7 20. Bxe7 Rxe7 21. Rg4 Qe8 22. R1g2 Qxa4 23. Nh4 Qa1+ 24. Kc2 Qa4+ 25. Kb1 Rxf2 26. Ng6+ Kg8 27. Nxe7+ Kf7 28. Rxf2+ Bxf2 29. Qxf2+ Ke8 30. Qe2 g5 31. Ng6 Kf7 32. Nh4 gxh4 33. Rg1 Nf6 34. Qg2 Ke8 35. Qg6+ Kd7 36. Qxf6 Kc6 37.
Qxe6 Kb6 38. Qb3+ 1-0